[Event "21st Indian-chT Women 2023-24"]
[Site "Dharamsala"]
[Date "2024.03.29"]
[Round "1.1"]
[White "Keshavi"]
[Black "Vishwa Vasnawala"]
[Result "0-1"]
[ECO "C50"]
[WhiteElo "1471"]
[BlackElo "2111"]
[Annotator "RC"]
[PlyCount "48"]
[EventDate "2024.03.28"]
[EventType "team-tourn"]
[EventCountry "IND"]
[SourceTitle "playchess.com"]
[Source "ChessBase"]
[SourceQuality "1"]
[TimeControl "5400+30"]

1. e4 e5 2. Nf3 Nc6 3. Bc4 Bc5 4. O-O Nf6 5. d4 Bxd4 6. Nxd4 Nxd4 7. f4 d6 8. fxe5 dxe5 9. Bg5 Qe7 10. c3 Ne6 11. Bxe6 Bxe6 12. Bxf6 gxf6 13. Qf3 Rg8 14. Qxf6 Qxf6 15. Rxf6 Rd8 16. Na3 Rg4 17. Nb5 Ke7 18. Rf2 c6 19. Na3 Rxe4 20. Nc2 f5 21. Ne1 f4 22. Nf3 Re3 23. Ng5 Bf5 24. Raf1 c5 0-1

[Event "21st Indian-chT Women 2023-24"]
[Site "Dharamsala"]
[Date "2024.03.29"]
[Round "1.2"]
[White "Gomes, Mary Ann"]
[Black "Cheryl Verma"]
[Result "1-0"]
[ECO "A09"]
[WhiteElo "2322"]
[BlackElo "1517"]
[Annotator "RC"]
[PlyCount "107"]
[EventDate "2024.03.28"]
[EventType "team-tourn"]
[EventCountry "IND"]
[SourceTitle "playchess.com"]
[Source "ChessBase"]
[SourceQuality "1"]
[TimeControl "5400+30"]

1. Nf3 d5 2. c4 Nf6 3. g3 Bf5 4. cxd5 Qxd5 5. Nc3 Qd7 6. Ne5 Qe6 7. d4 Nbd7 8. Bg2 Qb6 9. Nc4 Qa6 10. Ne3 Bg6 11. Ned5 Rc8 12. Bf4 e5 13. dxe5 Nxd5 14. Qxd5 c6 15. Qd2 Rd8 16. Bg5 f6 17. exf6 Nxf6 18. Qe3+ Be7 19. O-O Qb6 20. Rad1 Qxe3 21. Bxe3 a6 22. Rxd8+ Bxd8 23. Bh3 b5 24. Bg2 b4 25. Bxc6+ Kf8 26. Na4 Be4 27. Bxe4 Nxe4 28. f3 Nd6 29. Bc5 Bc7 30. Bxb4 a5 31. Rc1 axb4 32. Rxc7 Ke8 33. Nc5 Rf8 34. Rxg7 Rf5 35. Nd3 Rb5 36. Rxh7 b3 37. axb3 Rxb3 38. h4 Nc4 39. h5 Nxb2 40. Nxb2 Rxb2 41. h6 Kf8 42. Kf2 Kg8 43. Rg7+ Kh8 44. Rg6 Kh7 45. Re6 Rb5 46. g4 Rb1 47. g5 Rh1 48. f4 Rh3 49. Kg2 Rc3 50. f5 Rc5 51. Re7+ Kh8 52. g6 Rc8 53. f6 Rg8 54. Rh7# 1-0

[Event "21st Indian-chT Women 2023-24"]
[Site "Dharamsala"]
[Date "2024.03.29"]
[Round "1.3"]
[White "Suryanshi Sharma"]
[Black "Mohota, Nisha"]
[Result "0-1"]
[ECO "A29"]
[WhiteElo "1638"]
[BlackElo "2122"]
[Annotator "RC"]
[PlyCount "140"]
[EventDate "2024.03.28"]
[EventType "team-tourn"]
[EventCountry "IND"]
[SourceTitle "playchess.com"]
[Source "ChessBase"]
[SourceQuality "1"]
[TimeControl "5400+30"]

1. c4 e5 2. Nc3 Nf6 3. g3 d5 4. cxd5 Nxd5 5. Bg2 Nb6 6. Nf3 Nc6 7. d3 Be7 8. O-O O-O 9. h4 Bg4 10. Bg5 f6 11. Qb3+ Kh8 12. Be3 Qd7 13. a3 f5 14. Bxb6 axb6 15. Qd5 Qxd5 16. Nxd5 Bd6 17. Rfe1 b5 18. Nd2 Nd4 19. f3 Bh5 20. Rac1 c6 21. Nc3 e4 22. f4 exd3 23. exd3 Rad8 24. Kh2 h6 25. Kh1 Rf7 26. Re3 Rfd7 27. Bf3 Nxf3 28. Nxf3 Bc5 29. d4 Bxf3+ 30. Rxf3 Bxd4 31. Rc2 Bb6 32. Ne2 Kg8 33. Kg2 Kf7 34. Kh3 Rd2 35. Rfc3 h5 36. Nc1 Ba5 37. Rc5 Rxc2 38. Rxc2 Bb6 39. Re2 g6 40. Rc2 Rd1 41. Ne2 Be3 42. Rc3 Bb6 43. Rc2 Rd6 44. Kg2 Rd3 45. Nc1 Rd1 46. Ne2 Ke6 47. Kh2 Kd7 48. Kg2 Ba7 49. Kh2 Bb6 50. Kg2 Ba5 51. b4 Bb6 52. Kh2 Ra1 53. Rd2+ Ke7 54. Kg2 Rxa3 55. Nc1 Be3 56. Re2 Kd6 57. Na2 Kd5 58. Rc2 Kd4 59. Re2 Kd3 60. Kf1 Bd2 61. Re6 Rxa2 62. Rxg6 Bxb4 63. Rg5 Ke4 64. Rxh5 Kf3 65. Kg1 Bc5+ 66. Kh1 Ra1+ 67. Kh2 Bg1+ 68. Kh3 Bf2 69. Kh2 Bxg3+ 70. Kh3 Rh1# 0-1

[Event "21st Indian-chT Women 2023-24"]
[Site "Dharamsala"]
[Date "2024.03.29"]
[Round "1.4"]
[White "Soumya, Swaminathan"]
[Black "Palak Thakur"]
[Result "1-0"]
[ECO "B07"]
[WhiteElo "2259"]
[BlackElo "1485"]
[Annotator "RC"]
[PlyCount "69"]
[EventDate "2024.03.28"]
[EventType "team-tourn"]
[EventCountry "IND"]
[SourceTitle "playchess.com"]
[Source "ChessBase"]
[SourceQuality "1"]
[TimeControl "5400+30"]

1. e4 d6 2. d4 Nf6 3. Nc3 Bg4 4. f3 Bh5 5. Be3 Nbd7 6. g4 Bg6 7. g5 Ng8 8. h4 Bh5 9. Bg2 e5 10. Nge2 Ne7 11. Ng3 g6 12. Nxh5 gxh5 13. f4 Bg7 14. dxe5 dxe5 15. f5 Nc6 16. Qxh5 Nb6 17. Rd1 Nd4 18. O-O Nc4 19. Bxd4 exd4 20. f6 Bf8 21. g6 Qd7 22. g7 Bxg7 23. fxg7 Rg8 24. Nd5 O-O-O 25. Rxf7 Qd6 26. Ne7+ Kb8 27. Nxg8 Rxg8 28. Rdf1 a6 29. Rf8+ Rxf8 30. gxf8=Q+ Qxf8 31. Rxf8+ Ka7 32. Qc5+ Nb6 33. Qxc7 a5 34. Bf1 Na8 35. Qxa5# 1-0

[Event "21st Indian-chT Women 2023-24"]
[Site "Dharamsala"]
[Date "2024.03.29"]
[Round "1.5"]
[White "Gade Sharanya"]
[Black "Jigna, Joshi"]
[Result "1-0"]
[ECO "D24"]
[WhiteElo "1728"]
[BlackElo "1610"]
[Annotator "NA"]
[PlyCount "89"]
[EventDate "2024.03.28"]
[EventType "team-tourn"]
[EventCountry "IND"]
[SourceTitle "playchess.com"]
[Source "ChessBase"]
[SourceQuality "1"]
[TimeControl "5400+30"]

1. d4 d5 2. c4 dxc4 3. Nf3 Nf6 4. Nc3 e6 5. e3 Be7 6. Bxc4 a6 7. O-O O-O 8. Qc2 Nc6 9. a3 b5 10. Bd3 Bb7 11. Ne4 h6 12. b4 Nd5 13. Rd1 Rc8 14. Bb2 Bd6 15. Qe2 Nce7 16. Nc5 Rb8 17. Ne5 Nf6 18. Bc2 Qc8 19. Ng4 Nxg4 20. Qxg4 f5 21. Qe2 Bc6 22. Rac1 Ng6 23. Qh5 Be8 24. Bb3 Nf4 25. Qf3 Bh5 26. Qxh5 Nxh5 27. Bxe6+ Qxe6 28. Nxe6 Rfc8 29. Rc6 Kf7 30. d5 a5 31. bxa5 b4 32. a4 Nf6 33. Bxf6 Kxf6 34. Nd4 g6 35. Nb5 Ke7 36. a6 Kd7 37. Rdc1 Re8 38. Nxd6 cxd6 39. Rc7+ Kd8 40. a7 Ra8 41. Rb7 b3 42. Rb1 Re7 43. Rb8+ Kc7 44. Rc1+ Kd7 45. Rxa8 1-0

[Event "21st Indian-chT Women 2023-24"]
[Site "Dharamsala"]
[Date "2024.03.29"]
[Round "1.6"]
[White "Lakhnotra Khushali D"]
[Black "Sai Mahati Alapati"]
[Result "0-1"]
[ECO "D45"]
[WhiteElo "1602"]
[BlackElo "2155"]
[Annotator "ChessBase"]
[PlyCount "120"]
[EventDate "2024.03.28"]
[EventType "team-tourn"]
[EventCountry "IND"]
[SourceTitle "playchess.com"]
[Source "ChessBase"]
[SourceQuality "1"]
[TimeControl "5400+30"]

1. d4 d5 2. c4 c6 3. e3 Nf6 4. Nf3 e6 5. Nc3 Nbd7 6. Bd2 Be7 7. Be2 O-O 8. O-O b6 9. a3 Bb7 10. b4 c5 11. b5 Rc8 12. Qb3 dxc4 13. Bxc4 Bxf3 14. gxf3 cxd4 15. exd4 Qc7 16. Bd3 Bd6 17. h3 Bf4 18. Nb1 Bxd2 19. Nxd2 Qf4 20. Qb2 e5 21. Be4 Nxe4 22. fxe4 exd4 23. Qxd4 Nf6 24. Qe3 Qe5 25. Qe2 Rfd8 26. Ra2 Qe6 27. Rfa1 Qxh3 28. f3 Rc5 29. Qg2 Qh6 30. Kf2 Rxd2+ 31. Rxd2 Qxd2+ 32. Kf1 Qd3+ 33. Qe2 Qxb5 34. Qxb5 Rxb5 35. Rd1 h5 36. Kg2 h4 37. Rd3 a5 38. Kh3 g5 39. a4 Rb4 40. Rd6 Nh5 41. Kg4 Ng7 42. Kxg5 Rxa4 43. Rxb6 Ra1 44. Kxh4 a4 45. Ra6 a3 46. Kg4 a2 47. Kf4 Ne6+ 48. Ke5 Nc5 49. Ra8+ Kg7 50. Kf5 Nb3 51. f4 Nc1 52. e5 Rb1 53. Kg5 a1=Q 54. Rxa1 Rxa1 55. f5 Nd3 56. f6+ Kf8 57. Kf5 Re1 58. Kg5 Rxe5+ 59. Kh6 Nf4 60. Kh7 Rh5# 0-1

[Event "21st Indian-chT Women 2023-24"]
[Site "Dharamsala"]
[Date "2024.03.29"]
[Round "1.7"]
[White "Kirthika B"]
[Black "Pancholi Priyanka"]
[Result "1-0"]
[ECO "C87"]
[WhiteElo "1791"]
[BlackElo "1414"]
[Annotator "NA RC"]
[PlyCount "79"]
[EventDate "2024.03.28"]
[EventType "team-tourn"]
[EventCountry "IND"]
[SourceTitle "playchess.com"]
[Source "ChessBase"]
[SourceQuality "1"]
[TimeControl "5400+30"]

1. e4 e5 2. Nf3 Nc6 3. Bb5 d6 4. O-O Nf6 5. Re1 Be7 6. c3 a6 7. Ba4 b5 8. Bc2 O-O 9. h3 Bd7 10. d3 h6 11. Nbd2 Qc8 12. Nf1 Kh7 13. Ng3 g6 14. d4 Bd8 15. Bd2 Nh5 16. Nxh5 gxh5 17. Nh2 Bg5 18. Bxg5 Rg8 19. Bh4 Bxh3 20. g3 Bg4 21. Nxg4 Rxg4 22. Kh2 Qg8 23. d5 Na5 24. Qf3 Nc4 25. Qf5+ Qg6 26. f3 Qxf5 27. exf5 Rxh4+ 28. gxh4 f6 29. b3 Nd2 30. Re3 Kg7 31. Rd1 Nc4 32. bxc4 bxc4 33. Rg1+ Kf7 34. f4 exf4 35. Re6 f3 36. Bd1 Rb8 37. Bxf3 Rb2+ 38. Kh3 Rxa2 39. Bxh5+ Kf8 40. Re8# 1-0

[Event "21st Indian-chT Women 2023-24"]
[Site "Dharamsala"]
[Date "2024.03.30"]
[Round "2.1"]
[White "Vishwa Vasnawala"]
[Black "Singh, Neha"]
[Result "1/2-1/2"]
[ECO "E65"]
[WhiteElo "2111"]
[BlackElo "1825"]
[Annotator "RC"]
[PlyCount "43"]
[EventDate "2024.03.28"]
[EventType "team-tourn"]
[EventCountry "IND"]
[SourceTitle "playchess.com"]
[Source "ChessBase"]
[SourceQuality "1"]
[TimeControl "5400+30"]

1. d4 g6 2. c4 Nf6 3. g3 Bg7 4. Bg2 O-O 5. Nf3 d6 6. Nc3 Nbd7 7. O-O c5 8. d5 Re8 9. Qc2 a6 10. a4 b6 11. Rd1 Nf8 12. h3 h6 13. e4 Qc7 14. Be3 Rb8 15. Rab1 Bd7 16. Bf1 g5 17. Ne1 e6 18. dxe6 Nxe6 19. Nd5 Nxd5 20. cxd5 Nf8 21. b4 Qc8 22. bxc5 1/2-1/2

[Event "21st Indian-chT Women 2023-24"]
[Site "Dharamsala"]
[Date "2024.03.30"]
[Round "2.2"]
[White "Marium Fatima"]
[Black "Gomes, Mary Ann"]
[Result "0-1"]
[ECO "A30"]
[WhiteElo "1903"]
[BlackElo "2322"]
[Annotator "RC"]
[PlyCount "136"]
[EventDate "2024.03.28"]
[EventType "team-tourn"]
[EventCountry "IND"]
[SourceTitle "playchess.com"]
[Source "ChessBase"]
[SourceQuality "1"]
[TimeControl "5400+30"]

1. d4 Nf6 2. c4 e6 3. Nf3 c5 4. g3 b6 5. Bg2 Bb7 6. O-O cxd4 7. Nxd4 Bxg2 8. Kxg2 Qc8 9. b3 Be7 10. Ba3 Bxa3 11. Nxa3 a6 12. e3 Nc6 13. Nxc6 Qxc6+ 14. Qf3 Ke7 15. Nc2 Qxf3+ 16. Kxf3 Rhc8 17. Nd4 g6 18. Ke2 Rc5 19. h4 b5 20. cxb5 axb5 21. b4 Rc4 22. a3 Rb8 23. Kd3 d5 24. Rfc1 Kd6 25. a4 Rxc1 26. Rxc1 bxa4 27. Rc6+ Kd7 28. Ra6 Rxb4 29. Ra7+ Kd6 30. Kc3 Rc4+ 31. Kb2 Nd7 32. Nb5+ Ke7 33. Nc3 a3+ 34. Kb3 Rc8 35. Nb5 Rb8 36. Kb4 a2 37. Rxa2 Ne5 38. Ra7+ Kf6 39. Kc5 Rc8+ 40. Kb6 Rc2 41. g4 Rxf2 42. Nd6 Nc4+ 43. Nxc4 dxc4 44. Kc5 c3 45. Kd4 c2 46. Rc7 Rg2 47. g5+ Kg7 48. e4 Rh2 49. Rc8 h6 50. Ke5 h5 51. Kd4 Rxh4 52. Rxc2 Rg4 53. Rc5 h4 54. Ke3 h3 55. Rc2 Rxg5 56. Rh2 Rh5 57. Kf3 f5 58. e5 g5 59. Kg3 f4+ 60. Kg4 Kg6 61. Rh1 h2 62. Kf3 Kf5 63. Kg2 g4 64. Kf2 Kxe5 65. Kg2 Kf5 66. Kf2 e5 67. Kf1 f3 68. Kf2 Kf4 0-1

[Event "21st Indian-chT Women 2023-24"]
[Site "Dharamsala"]
[Date "2024.03.30"]
[Round "2.3"]
[White "Soumya, Swaminathan"]
[Black "Garima Gaurav"]
[Result "1-0"]
[ECO "C88"]
[WhiteElo "2259"]
[BlackElo "1786"]
[Annotator "ChessBase"]
[PlyCount "87"]
[EventDate "2024.03.28"]
[EventType "team-tourn"]
[EventCountry "IND"]
[SourceTitle "playchess.com"]
[Source "ChessBase"]
[SourceQuality "1"]
[TimeControl "5400+30"]

1. e4 e5 2. Nf3 Nc6 3. Bb5 a6 4. Ba4 Nf6 5. O-O Be7 6. d3 b5 7. Bb3 d6 8. c3 O-O 9. a4 Bb7 10. Re1 Na5 11. Ba2 c5 12. Bg5 h6 13. Bh4 Re8 14. Na3 b4 15. Nc4 Nxc4 16. Bxc4 a5 17. Qb3 Rf8 18. Bxf6 Bxf6 19. Nd2 Qe7 20. Nf1 Bg5 21. Rad1 Kh8 22. Ne3 g6 23. Nd5 Qd8 24. d4 Bxd5 25. Bxd5 Rb8 26. dxe5 dxe5 27. cxb4 Rxb4 28. Qc3 Qc7 29. b3 Kh7 30. Bc4 f6 31. Rd5 Rd8 32. Rxc5 Qxc5 33. Bg8+ Kxg8 34. Qxc5 Bd2 35. Rd1 Rbd4 36. Qe7 Bb4 37. Qxd8+ Rxd8 38. Rxd8+ Kf7 39. g4 Bc3 40. Rd7+ Kf8 41. Kf1 Bd4 42. f4 Be3 43. fxe5 fxe5 44. Rd5 1-0

[Event "21st Indian-chT Women 2023-24"]
[Site "Dharamsala"]
[Date "2024.03.30"]
[Round "2.4"]
[White "Adiba Ullah"]
[Black "Salonika, Saina"]
[Result "0-1"]
[ECO "A48"]
[WhiteElo "1521"]
[BlackElo "2096"]
[Annotator "ChessBase"]
[PlyCount "92"]
[EventDate "2024.03.28"]
[EventType "team-tourn"]
[EventCountry "IND"]
[SourceTitle "playchess.com"]
[Source "ChessBase"]
[SourceQuality "1"]
[TimeControl "5400+30"]

1. d4 Nf6 2. Nf3 g6 3. Bf4 Bg7 4. h3 d6 5. e3 O-O 6. Bd3 Nfd7 7. c3 e5 8. Bg5 f6 9. Bh4 Kh8 10. O-O g5 11. Bg3 f5 12. e4 f4 13. Bh2 Nb6 14. Nbd2 Qf6 15. d5 h5 16. Kh1 g4 17. Ng1 Qg6 18. Be2 Bf6 19. g3 f3 20. Bb5 c6 21. dxc6 Nxc6 22. h4 Be6 23. Re1 Rad8 24. Qc2 d5 25. Bd3 d4 26. c4 Nb4 27. Qb3 a5 28. a3 Nxd3 29. Qxd3 Rc8 30. Rac1 Be7 31. Rc2 Qf7 32. Rec1 Nd7 33. Qb3 Nc5 34. Qb5 a4 35. b4 axb3 36. Nxb3 Bd7 37. Qb6 Nxb3 38. Qxb3 b5 39. Qd3 bxc4 40. Qd2 Kg7 41. Ra1 c3 42. Qd3 Ba4 43. Rcc1 Qc4 44. Qxc4 Rxc4 45. Ra2 d3 46. Raa1 d2 0-1

[Event "21st Indian-chT Women 2023-24"]
[Site "Dharamsala"]
[Date "2024.03.30"]
[Round "2.6"]
[White "Velpula Sarayu"]
[Black "Adyasha, Pattnaik"]
[Result "1-0"]
[ECO "B01"]
[WhiteElo "2389"]
[BlackElo "1654"]
[Annotator "ChessBase"]
[PlyCount "59"]
[EventDate "2024.03.28"]
[EventType "team-tourn"]
[EventCountry "IND"]
[SourceTitle "playchess.com"]
[Source "ChessBase"]
[SourceQuality "1"]
[TimeControl "5400+30"]

1. e4 d5 2. exd5 Qxd5 3. Nc3 Qd8 4. d4 Nf6 5. Nf3 Bg4 6. Be2 e6 7. O-O c6 8. Bf4 Bd6 9. Ne5 Bxe2 10. Qxe2 O-O 11. Bg3 Bc7 12. Rad1 Nbd7 13. f4 Nd5 14. Ne4 h6 15. Kh1 Qe7 16. c4 N5b6 17. Qe1 Bd8 18. b3 Rc8 19. c5 Nd5 20. Nd6 Rb8 21. f5 Nxe5 22. dxe5 exf5 23. Nxf5 Qxc5 24. e6 Ra8 25. Bd6 Qb6 26. exf7+ Kh8 27. Bxf8 Bf6 28. Bxg7+ Bxg7 29. Qe8+ Rxe8 30. fxe8=Q+ 1-0

[Event "21st Indian-chT Women 2023-24"]
[Site "Dharamsala"]
[Date "2024.03.30"]
[Round "2.7"]
[White "Aparajita, Gochhikar"]
[Black "Sai Mahati Alapati"]
[Result "1-0"]
[ECO "B22"]
[WhiteElo "1791"]
[BlackElo "2155"]
[Annotator "ChessBase"]
[PlyCount "91"]
[EventDate "2024.03.28"]
[EventType "team-tourn"]
[EventCountry "IND"]
[SourceTitle "playchess.com"]
[Source "ChessBase"]
[SourceQuality "1"]
[TimeControl "5400+30"]

1. e4 c5 2. c3 Nf6 3. e5 Nd5 4. Nf3 e6 5. d4 cxd4 6. cxd4 d6 7. Bb5+ Nd7 8. O-O Be7 9. Nc3 Nxc3 10. bxc3 O-O 11. Bf4 Nb6 12. Rc1 Nd5 13. Bg3 dxe5 14. Nxe5 Bg5 15. Rc2 f5 16. h3 a6 17. Bd3 b5 18. Nc6 Qe8 19. Nb4 Bb7 20. Nxd5 Bxd5 21. c4 bxc4 22. Bxc4 Bxc4 23. Rxc4 f4 24. Bh2 f3 25. gxf3 Bf4 26. d5 e5 27. Bxf4 exf4 28. d6 Qe6 29. Rc7 Qxh3 30. Qd5+ Kh8 31. Rf7 Qh6 32. Rxf8+ Rxf8 33. Re1 Qg6+ 34. Kf1 h6 35. d7 Rd8 36. Re6 Qb1+ 37. Kg2 Kh7 38. Rxa6 Qc2 39. Rc6 Qb1 40. a4 Qb4 41. Qf5+ Kg8 42. Rc8 Qe7 43. a5 h5 44. a6 h4 45. a7 h3+ 46. Kxh3 1-0

[Event "21st Indian-chT Women 2023-24"]
[Site "Dharamsala"]
[Date "2024.03.31"]
[Round "3.1"]
[White "Kiran, Manisha Mohanty"]
[Black "Gomes, Mary Ann"]
[Result "1/2-1/2"]
[ECO "B24"]
[WhiteElo "2036"]
[BlackElo "2322"]
[Annotator "RC"]
[PlyCount "62"]
[EventDate "2024.03.28"]
[EventType "team-tourn"]
[EventCountry "IND"]
[SourceTitle "playchess.com"]
[Source "ChessBase"]
[SourceQuality "1"]
[TimeControl "5400+30"]

1. e4 c5 2. Nc3 Nc6 3. g3 g6 4. Bg2 Bg7 5. Nge2 e6 6. d3 Nge7 7. Bg5 h6 8. Be3 Nd4 9. O-O O-O 10. a4 Nec6 11. Nb5 d6 12. c3 Nxe2+ 13. Qxe2 a6 14. Na3 Rb8 15. Qd2 Kh7 16. d4 cxd4 17. cxd4 d5 18. exd5 exd5 19. b4 Bf5 20. b5 Na5 21. Qa2 axb5 22. axb5 Be6 23. Rac1 Ra8 24. Qb2 Qb6 25. h4 h5 26. Rc2 Bf5 27. Rd2 Rfd8 28. Rc1 Bf8 29. Bg5 Rd7 30. Rdd1 Bg7 31. Rd2 Bf8 1/2-1/2

[Event "21st Indian-chT Women 2023-24"]
[Site "Dharamsala"]
[Date "2024.03.31"]
[Round "3.2"]
[White "Mohota, Nisha"]
[Black "Swati Ghate"]
[Result "1/2-1/2"]
[ECO "C45"]
[WhiteElo "2122"]
[BlackElo "2012"]
[Annotator "NA RC"]
[PlyCount "87"]
[EventDate "2024.03.28"]
[EventType "team-tourn"]
[EventCountry "IND"]
[SourceTitle "playchess.com"]
[Source "ChessBase"]
[SourceQuality "1"]
[TimeControl "5400+30"]

1. e4 e5 2. Nf3 Nc6 3. d4 exd4 4. Nxd4 Bc5 5. Nb3 Bb6 6. Nc3 d6 {[%emt 0:00:21] is currently scoring better than 6...Nf6.} 7. Bf4 {[%emt 0:10:05] C45: Scotch Game.} a5 8. a4 Nge7 9. Qd2 O-O 10. O-O-O Be6 11. Be3 $146 ({Predecessor:} 11. Nd5 Ba7 12. Bc4 Ng6 13. Bg5 Qd7 14. f4 Bxd5 15. exd5 Nb4 16. Bb5 c6 17. dxc6 bxc6 18. Qxd6 Qxd6 19. Rxd6 cxb5 {0-1 Perrine,D (2182)-Tari,A (2635) Titled Tuesday intern op 06th Feb Early blitz 2024 (1)}) 11... Bxe3 12. Qxe3 Qc8 13. h4 f5 14. h5 f4 15. Qd2 h6 16. Rh4 f3 $1 17. g3 Ne5 18. Nb5 N7c6 19. N3d4 Bg4 20. Qc3 Kh8 21. Kb1 Qd7 22. b3 Rf6 $14 23. Nf5 Bxf5 24. exf5 Qe7 25. Bh3 Rf7 26. Qe3 Qg5 27. Qxg5 hxg5 28. Re4 Rc8 29. f6 g4 30. Bxg4 Nxg4 31. Rxg4 Rxf6 32. Re4 Ne5 33. c4 b6 34. g4 g6 35. Rh1 gxh5 36. Rxh5+ Kg7 37. g5 Rg6 38. Rf4 Nf7 39. Rf5 Re8 40. Rxf3 Re1+ 41. Kc2 Nxg5 42. Re3 Rxe3 43. fxe3 Ne6 44. Rh2 1/2-1/2

[Event "21st Indian-chT Women 2023-24"]
[Site "Dharamsala"]
[Date "2024.03.31"]
[Round "3.3"]
[White "Anagha Yardi"]
[Black "Soumya, Swaminathan"]
[Result "0-1"]
[ECO "A48"]
[WhiteElo "1482"]
[BlackElo "2259"]
[Annotator "RC"]
[PlyCount "68"]
[EventDate "2024.03.28"]
[EventType "team-tourn"]
[EventCountry "IND"]
[SourceTitle "playchess.com"]
[Source "ChessBase"]
[SourceQuality "1"]
[TimeControl "5400+30"]

1. d4 Nf6 2. Bf4 g6 3. e3 Bg7 4. Nf3 O-O 5. c4 c5 6. d5 Re8 7. Nc3 a6 8. h3 d6 9. Be2 h6 10. Qc2 Bd7 11. O-O b5 12. Rad1 b4 13. Na4 Nh5 14. Bh2 Bxa4 15. Qxa4 Bxb2 16. Qb3 Bg7 17. Nd2 Nf6 18. Bd3 Nbd7 19. Nf3 Qb6 20. Qc2 a5 21. Rb1 a4 22. e4 e6 23. Rfe1 Nh7 24. e5 exd5 25. exd6 Rxe1+ 26. Rxe1 b3 27. Qb1 Qb4 28. Re7 Nhf8 29. Ne5 bxa2 30. Qxa2 Qe1+ 31. Bf1 Nxe5 32. Bxe5 Bxe5 33. cxd5 a3 34. d7 Bh2+ 0-1

[Event "21st Indian-chT Women 2023-24"]
[Site "Dharamsala"]
[Date "2024.03.31"]
[Round "3.4"]
[White "Salonika, Saina"]
[Black "Bindu, Saritha K."]
[Result "1-0"]
[ECO "B01"]
[WhiteElo "2096"]
[BlackElo "1719"]
[Annotator "RC"]
[PlyCount "57"]
[EventDate "2024.03.28"]
[EventType "team-tourn"]
[EventCountry "IND"]
[SourceTitle "playchess.com"]
[Source "ChessBase"]
[SourceQuality "1"]
[TimeControl "5400+30"]

1. e4 d5 2. exd5 Qxd5 3. Nc3 Qa5 4. d4 Nf6 5. Nf3 c6 6. Bc4 Bf5 7. Bd2 e6 8. Nd5 Qd8 9. Nxf6+ gxf6 10. O-O Nd7 11. Re1 Qc7 12. Nh4 Bg6 13. Bxe6 O-O-O 14. Bh3 Bd6 15. g3 Kb8 16. c3 Rhg8 17. Qf3 Qa5 18. Bf4 Qc7 19. Bd2 Ka8 20. b4 Rde8 21. c4 Be7 22. c5 f5 23. Nxf5 Bxf5 24. Qxf5 Nf6 25. Re2 Bd8 26. Rxe8 Rxe8 27. Bf4 Qd7 28. Qxd7 Nxd7 29. Bxd7 1-0

[Event "21st Indian-chT Women 2023-24"]
[Site "Dharamsala"]
[Date "2024.03.31"]
[Round "3.5"]
[White "Gade Sharanya"]
[Black "Abishna Anojan"]
[Result "1-0"]
[ECO "E32"]
[WhiteElo "1728"]
[BlackElo "1635"]
[Annotator "NA RC COMBH"]
[PlyCount "73"]
[EventDate "2024.03.28"]
[EventType "team-tourn"]
[EventCountry "IND"]
[SourceTitle "playchess.com"]
[Source "ChessBase"]
[SourceQuality "1"]
[TimeControl "5400+30"]

1. d4 Nf6 2. c4 e6 3. Nc3 Bb4 4. Qc2 b6 5. e4 Bxc3+ 6. bxc3 Bb7 7. Bd3 d6 8. f4 Nbd7 9. Nf3 h6 10. O-O e5 11. fxe5 dxe5 12. dxe5 Ng4 13. e6 fxe6 14. Nd4 Nc5 15. e5 Qh4 16. Bg6+ Kd7 17. Rf7+ Kc8 18. Bf4 a6 19. Nf3 Qd8 20. Rd1 Qg8 21. Re7 Bc6 22. Nd4 Ba4 23. Nb3 Nxb3 24. axb3 Qf8 25. Rf7 Qc5+ 26. Rd4 Rd8 27. bxa4 Rxd4 28. cxd4 Qxd4+ 29. Kf1 Ra7 30. Rf8+ Kd7 31. Qd3 Qxd3+ 32. Bxd3 g5 33. h3 Ke7 34. Rh8 gxf4 35. hxg4 Kf7 36. Be4 c6 37. Rh7+ 1-0

[Event "21st Indian-chT Women 2023-24"]
[Site "Dharamsala"]
[Date "2024.03.31"]
[Round "3.6"]
[White "Jayashree, P.K."]
[Black "Velpula Sarayu"]
[Result "0-1"]
[ECO "A48"]
[WhiteElo "1846"]
[BlackElo "2389"]
[Annotator "RC"]
[PlyCount "68"]
[EventDate "2024.03.28"]
[EventType "team-tourn"]
[EventCountry "IND"]
[SourceTitle "playchess.com"]
[Source "ChessBase"]
[SourceQuality "1"]
[TimeControl "5400+30"]

1. d4 Nf6 2. Nf3 g6 3. b3 Bg7 4. Bb2 O-O 5. g3 c5 6. dxc5 Qa5+ 7. Nbd2 Qxc5 8. Bg2 Ng4 9. Bd4 Bxd4 10. Nxd4 Qxd4 11. e3 Qc3 12. O-O d6 13. Ne4 Qc7 14. h3 Nf6 15. Nxf6+ exf6 16. Qd4 Qe7 17. Rad1 Rd8 18. c4 Nc6 19. Qd2 Bf5 20. Rfe1 Be6 21. e4 Qd7 22. Kh2 h5 23. Qf4 Qe7 24. Qh6 a6 25. Qe3 Qc7 26. Qf4 Kg7 27. Re2 Qb6 28. Qh4 g5 29. Qxh5 Ne5 30. Red2 g4 31. c5 Qxc5 32. Rd5 Bxd5 33. exd5 Qc2 34. Rd4 Rh8 0-1

[Event "21st Indian-chT Women 2023-24"]
[Site "Dharamsala"]
[Date "2024.03.31"]
[Round "3.7"]
[White "Sai Mahati Alapati"]
[Black "Rebecca Jesumarian"]
[Result "1/2-1/2"]
[ECO "E97"]
[WhiteElo "2155"]
[BlackElo "1873"]
[Annotator "RC"]
[PlyCount "134"]
[EventDate "2024.03.28"]
[EventType "team-tourn"]
[EventCountry "IND"]
[SourceTitle "playchess.com"]
[Source "ChessBase"]
[SourceQuality "1"]
[TimeControl "5400+30"]

1. d4 Nf6 2. c4 g6 3. Nc3 Bg7 4. e4 d6 5. Nf3 O-O 6. Be2 e5 7. O-O Nc6 8. d5 Ne7 9. b4 a5 10. bxa5 Rxa5 11. a4 Nd7 12. Ba3 h6 13. Bb4 Ra8 14. Ne1 f5 15. Nd3 Nf6 16. f3 c5 17. dxc6 Nxc6 18. Ba3 Be6 19. Nf2 Nd4 20. Bd3 Rf7 21. Nb5 Nxb5 22. axb5 fxe4 23. Nxe4 Nxe4 24. Bxe4 Bxc4 25. Bxg6 Rf6 26. Bd3 Qb6+ 27. Kh1 Qxb5 28. Rb1 Qd5 29. Bxc4 Qxc4 30. Rb4 Qc3 31. Rb3 Qc6 32. Qb1 d5 33. Rc1 Qe6 34. Bc5 Rc8 35. Rxb7 Qf5 36. Qb3 e4 37. Rb8 Rxb8 38. Qxb8+ Kh7 39. Qg3 exf3 40. Qxf3 Qxf3 41. gxf3 Rxf3 42. Rd1 Rf5 43. Bd4 Bxd4 44. Rxd4 Kg7 45. Kg2 Kf6 46. Kg3 Ke5 47. Rd1 d4 48. Kg4 Rf6 49. Re1+ Kd5 50. Re8 d3 51. Rd8+ Rd6 52. Rxd6+ Kxd6 53. Kf3 Kd5 54. Ke3 Kc4 55. Kd2 Kd4 56. h4 h5 57. Kd1 Ke3 58. Ke1 Ke4 59. Kd2 Kd4 60. Kd1 Ke3 61. Ke1 Kf3 62. Kd2 Kg4 63. Kxd3 Kxh4 64. Ke2 Kg3 65. Kf1 Kh2 66. Kf2 h4 67. Kf1 h3 1/2-1/2

[Event "21st Indian-chT Women 2023-24"]
[Site "Dharamsala"]
[Date "2024.04.01"]
[Round "4.1"]
[White "Vishwa Vasnawala"]
[Black "Gade Sharanya"]
[Result "0-1"]
[ECO "E04"]
[WhiteElo "2111"]
[BlackElo "1728"]
[Annotator "NA"]
[PlyCount "82"]
[EventDate "2024.03.28"]
[EventType "team-tourn"]
[EventCountry "IND"]
[SourceTitle "playchess.com"]
[Source "ChessBase"]
[SourceQuality "1"]
[TimeControl "5400+30"]

1. d4 Nf6 2. c4 e6 3. g3 d5 4. Nf3 Bb4+ 5. Bd2 Be7 6. Bg2 dxc4 7. Qa4+ Nbd7 8. O-O O-O 9. Qxc4 c6 10. Nc3 e5 11. d5 Nb6 12. Qd3 Nbxd5 13. Nxe5 Be6 14. Rfd1 Qc7 15. Nf3 Rad8 16. Nxd5 Bxd5 17. Bf4 Qb6 18. Be3 $1 Qc7 19. Bf4 Qb6 20. Be3 c5 21. Qc2 Ng4 22. Ng5 g6 23. Bf4 c4 24. Nh3 Bxg2 25. Kxg2 Qc6+ 26. f3 g5 27. Bc1 Rxd1 28. Qxd1 Rd8 29. Qc2 h6 30. e4 Ne5 31. Nf2 Bc5 32. Qc3 Bd4 33. Qa5 b6 34. Qxa7 Nxf3 35. Kxf3 Qf6+ 36. Bf4 Bxf2 37. e5 Qc6+ 38. Kxf2 gxf4 39. gxf4 Rd2+ 40. Ke1 Rxh2 41. Qb8+ Kh7 0-1